 Dungeon Crawl Stone Soup version 0.27.1-3-gb3d3a73c9e (webtiles) character file.

Game seed: 17959019535324770484

36 horus123 the Stinger (level 3, 0/19 HPs)
             Began as a Deep Elf Venom Mage on Oct 30, 2021.
             Slain by a goblin (3 damage)
             ... on level 2 of the Dungeon.
             The game lasted 00:05:49 (1917 turns).

horus123 the Stinger (Deep Elf Venom Mage)          Turns: 1917, Time: 00:05:51

Health: 0/19       AC:  2    Str:  2 (5)  XL:     3   Next: 19%
Magic:  0/9        EV: 12    Int: 18 (20) God:
Gold:   47         SH:  0    Dex: 14 (15) Spells: 2/8 levels left

rFire    . . .     SeeInvis .   (no weapon)
rCold    . . .     Faith    .   (no shield)
rNeg     . . .     Spirit   .   a - +0 robe
rPois    .         Reflect  .   (no helmet)
rElec    .         Harm     .   (no cloak)
rCorr    .         Rampage  .   (no gloves)
Will     .....                  (no boots)
Stlth    ++........             (no amulet)
HPRegen  0.06/turn              (no ring)
MPRegen  0.11/turn              (no ring)

@: no status effects
A: no striking features
a: no special abilities


You were on level 2 of the Dungeon.
You visited 1 branch of the dungeon, and saw 2 of its levels.

You collected 47 gold pieces.

Inventory:

Missiles
 b - 2 atropa-tipped darts
Armour
 a - a +0 robe (worn)


   Skills:
 + Level 2.6 Dodging
 + Level 2.4 Stealth
 + Level 3.4 Spellcasting
 + Level 1.4 Transmutations
 + Level 0.5 Air Magic
 + Level 4.1 Poison Magic


You had 2 spell levels left.
You knew the following spells:

 Your Spells              Type           Power      Damage    Failure   Level
a - Sting                 Tmut/Pois      52%        1d5       4%          1
b - Poisonous Vapours     Pois/Air       22%        N/A       9%          2
c - Mephitic Cloud        Conj/Pois/Air  8%         N/A       24%         3

Your spell library contained the following spells:

 Spells                   Type           Power      Damage    Failure   Level
 Olgreb's Toxic Radiance  Pois           18%        N/A       28%         4
 Gell's Gravitas          Tloc           1%         N/A       43%         3
 Lesser Beckoning         Tloc           1%         N/A       43%         3
 Teleport Other           Tloc           3%         N/A       43%         3


Dungeon Overview and Level Annotations

Branches:
Dungeon (2/15)

Altars:


Message History

The kobold is moderately wounded.
The kobold misses you.
The kobold throws a stone.
The stone hits you.
You kill the ball python!
You kill the goblin!
You kill the kobold!
The sting misses the goblin.
The sting misses the goblin.
The sting hits the goblin.
The goblin is poisoned.
The goblin is heavily wounded.
The goblin misses you. The goblin hits you with a +0 dagger.
The goblin hits you with a +0 dagger. The goblin hits you but does no damage.
The goblin looks more healthy.
The goblin misses you.
The sting misses the goblin.
The goblin hits you with a +0 dagger. The goblin hits you with a +0 dagger.
The goblin hits you with a +0 dagger.
* * * LOW HITPOINT WARNING * * *
You are too injured to fight recklessly!
Aiming: Sting (safe; 4% risk of failure)
Press: ? - help, Q - select action, (/) - cycle Shift-Dir - straight line, f/p - goblin
Aim: a goblin, wielding a +0 dagger (severely wounded, 64% to hit)
The sting misses the goblin.
The goblin misses you. The goblin hits you with a +0 dagger.
* * * LOW HITPOINT WARNING * * *
It was a potion of degeneration.
There was something very wrong with that liquid.
You feel weakened.
You feel dopey.
You feel clumsy. The goblin barely misses you.
The goblin hits you with a +0 dagger.
* * * LOW HITPOINT WARNING * * *
You are too injured to fight recklessly!
Aiming: Sting (safe; 4% risk of failure)
Press: ? - help, Q - select action, (/) - cycle Shift-Dir - straight line, f/p - goblin
Aim: a goblin, wielding a +0 dagger (moderately wounded, 64% to hit)
The sting hits the goblin.
The goblin is poisoned.
The goblin is heavily wounded.
The goblin hits you with a +0 dagger.
You die...

#..........#
#..##.......
#.......# #
#....#..#.#
####.#..#.#
#.#.>..#
#......#
#g#.####
#@#.#
###.###
#...# ###.#
#.####
#..)<#
######


You could see a goblin (poisoned).

Vanquished Creatures
  A dart slug (D:1)
  4 bats (D:1)
  3 endoplasms (D:1)
  A giant cockroach (D:1)
  8 goblins
  3 hobgoblins
  A quokka (D:1)
  4 ball pythons
  A frilled lizard (D:1)
  3 kobolds
  A rat (D:1)
30 creatures vanquished.

Vanquished Creatures (others)
  An endoplasm (D:1)
  A kobold (D:1)
2 creatures vanquished.

Grand Total: 32 creatures vanquished

Notes
Turn   | Place    | Note
-------+----------+-------------------------------------------
     0 | D:1      | horus123 the Deep Elf Venom Mage began the quest for the
                  | Orb.
     0 | D:1      | Reached XP level 1. HP: 10/10 MP: 6/6
   124 | D:1      | Reached XP level 2. HP: 15/15 MP: 6/8
   285 | D:1      | Learned a level 2 spell: Poisonous Vapours
  1041 | D:1      | Reached skill level 4 in Poison Magic
  1323 | D:1      | Reached XP level 3. HP: 19/19 MP: 7/9
  1327 | D:1      | Learned a level 3 spell: Mephitic Cloud
  1917 | D:2      | Slain by a goblin

Illustrated notes

Levels and vault maps discovered:
D:1:      elethiomel_arrival_maze, layout_basic, serial_forest,
          infiniplex_forest_straight_3, infiniplex_forest_straight_3,
          infiniplex_forest_clump_medium, infiniplex_forest_lined_room_2,
          infiniplex_forest_clump_medium, infiniplex_forest_straight_3,
          lemuel_flame_loot_1
D:2:      layout_basic, uniq_natasha

Skill      XL: |  1  2 |
---------------+-------+-----
Poison Magic   | 4 |  4.1
Dodging        | |  2.6
Stealth        | |  2.4
Spellcasting   | |  3.4
Transmutations | |  1.4
Air Magic      | |  0.5

Action                   || total
-------------------------++-------
Melee: Unarmed           ||     1
 Cast: Sting             ||    35
       Poisonous Vapours ||    19
  Use: Scroll            ||     1
       Potion            ||     1
Armor: Robe              ||     8
Dodge: Dodged            ||     9
